 Dungeon Crawl Stone Soup version 0.28-a0-1518-gbe868bca14 (webtiles) character file.

Game seed: 9565136561949918141

823 fragbeetle the Insei (level 7, 0/57 HPs)
             Began as a Black Draconian Transmuter on Jan 17, 2022.
             Was an Initiate of Gozag.
             Slain by a white imp (4 damage)
             ... on level 6 of the Dungeon.
             The game lasted 00:08:54 (4154 turns).

fragbeetle the Insei (Black Draconian Transmuter)   Turns: 4154, Time: 00:08:56

Health: 0/57       AC:  2    Str: 13    XL:     7   Next: 64%
Magic:  8/10       EV: 20    Int: 13    God:    Gozag
Gold:   268        SH:  0    Dex: 18    Spells: 2/10 levels left

rFire   . . .      SeeInvis +     - Unarmed
rCold   . . .      Faith    .   (shield currently unavailable)
rNeg    . . .      Spirit   .   (armour unavailable)
rPois   x          Reflect  .   (helmet currently unavailable)
rElec   .          Harm     .   (cloak currently unavailable)
rCorr   .          Rampage  .   (gloves currently unavailable)
Will    .....                   (boots currently unavailable)
Stlth   ++........              r - amulet of the acrobat
HPRegen 0.19/turn               t - ring of see invisible
MPRegen 0.12/turn               (no ring)

@: spider-form (expiring)
A: venomous fangs, (breathe lightning), AC +6, tiny, unfitting armour,
(electricity resistance), (cold-blooded)
a: End Transformation, Renounce Religion, Potion Petition, Call Merchant, Bribe
Branch


You were on level 6 of the Dungeon.
You worshipped Gozag.
Gozag was aware of your devotion.
You were a venomous arachnid creature.
You visited 2 branches of the dungeon, and saw 7 of its levels.

You collected 303 gold pieces.
You paid 35 gold pieces to Gozag.

Inventory:

Hand Weapons
 b - a +0 hunting sling
Missiles
 g - 135 stones
 n - 42 sling bullets
 y - 6 atropa-tipped darts
 A - 5 poisoned darts
Armour
 f - a +0 pair of gloves
Magical Staves
 h - a staff of earth
Jewellery
 k - an amulet of guardian spirit
 r - an amulet of the acrobat (around neck)
 t - a ring of see invisible (left front leg)
Wands
 o - a wand of flame (30)
 u - a wand of iceblast (8)
Scrolls
 e - 2 scrolls of enchant armour {unknown}
 i - a scroll of magic mapping {unknown}
 l - a scroll of holy word {unknown}
 x - a scroll of blinking {unknown}
 z - a scroll of identify {unknown}
Potions
 a - 2 potions of attraction {unknown}
 c - a potion of haste {unknown}
 d - a potion of ambrosia {unknown}
 j - a potion of cancellation {unknown}
 m - 4 potions of curing
 p - a potion of heal wounds {unknown}
 q - a potion of degeneration {unknown}
 s - 4 potions of brilliance {unknown}
 v - a potion of berserk rage {unknown}
 w - a potion of flight {unknown}


   Skills:
 + Level 3.4 Fighting
 + Level 3.3 Dodging
 * Level 5.4 Unarmed Combat
 - Level 2.0 Spellcasting
 * Level 4.7 Transmutations
 + Level 2.1 Ice Magic
 + Level 2.5 Poison Magic


You had 2 spell levels left.
You knew the following spells:

 Your Spells              Type           Power      Damage    Failure   Level
a - Beastly Appendage     Tmut           26%        N/A       12%         1
b - Spider Form           Tmut/Pois      10%        N/A       36%         3
c - Ice Form              Ice/Tmut       10%        N/A       73%         4

Your spell library contained the following spells:

 Spells                   Type           Power      Damage    Failure   Level
 Wereblood                Tmut           13%        N/A       16%         2
 Animate Skeleton         Necr           2%         N/A       47%         1
 Apportation              Tloc           2%         N/A       47%         1
 Summon Small Mammal      Summ           4%         N/A       47%         1
 Ignite Poison            Fire/Tmut/Pois 7%         N/A       50%         3
 Summon Guardian Golem    Hex/Summ       1%         N/A       78%         3
 Alistair's Intoxication  Tmut/Pois      6%         N/A       94%         5
 Summon Ice Beast         Ice/Summ       4%         N/A       95%         4
 Freezing Cloud           Conj/Ice/Air   1%         6-21      100%        5
 Orb of Destruction       Conj           0%         9d5       100%        7
 Spellforged Servitor     Conj/Summ      0%         N/A       100%        7


Dungeon Overview and Level Annotations

Branches:
Dungeon (6/15)             Temple (1/1) D:4

Altars:
Ashenzari
Dithmenos
Elyvilon
Fedhas
Gozag
Hepliaklqana
Kikubaaqudgha
Makhleb
Nemelex Xobeh
Qazlal
Sif Muna
Trog
Uskayaw
Vehumet
Wu Jian
Xom
Yredelemnul
Zin
The Shining One


Innate Abilities, Weirdness & Mutations

You are a venomous arachnid creature.
You have poisonous fangs.
You are tiny and dextrous.
Your spellcasting is less reliable in this form.
Your armour is entirely melded.
You are incapable of wielding weapons or throwing items.
((You can breathe wild blasts of lightning.))
((Your glossy black scales are hard. (AC +6)))
You cannot fit into any form of body armour.
((You are resistant to electric shocks. (rElec)))
((You are cold-blooded and may be slowed by cold attacks.))


Message History

The water moccasin skeleton closely misses you.
You bite the water moccasin skeleton!
The water moccasin skeleton is severely damaged.
The water moccasin skeleton bites you.
* * * LOW HITPOINT WARNING * * *
The water moccasin skeleton misses you.
You hit the water moccasin skeleton but do no damage.
The water moccasin skeleton is severely damaged.
The water moccasin skeleton barely misses you.
The white imp gestures at you. The puff of frost hits you.
* * * LOW HITPOINT WARNING * * *
You bite the water moccasin skeleton!
The water moccasin skeleton is almost destroyed.
The water moccasin skeleton completely misses you.
The white imp grinds its teeth.
The white imp gestures at you. The puff of frost hits you!
* * * LOW HITPOINT WARNING * * *
It was a potion of curing.
You feel better. The water moccasin skeleton misses you.
The white imp gestures at you. The puff of frost hits you!
* * * LOW HITPOINT WARNING * * *
You hit the water moccasin skeleton.
The water moccasin skeleton is almost destroyed.
Your transformation is almost over.
The water moccasin skeleton bites you.
* * * LOW HITPOINT WARNING * * *
You hit the water moccasin skeleton.
You destroy the water moccasin skeleton!
The white imp is distracted by your dazzling golden aura.
You see here 7 gold pieces.
The white imp shouts, "Out, out, thou puking folly-fallen canker-blossom!"
You hit the white imp.
The white imp is no longer distracted by gold.
The white imp is moderately wounded.
The white imp hits you.
You die...
Your body crumbles into a pile of gold.

######## ###
#......# # ..#
####.####.# #.#.#
#.......#.#
####.#.#
#.##>##.#.#
#......#####.##.#
#.#
#..5s$.......#
#.#
#..######^#####
#.# #...
#.......# #.#
#...
#.§$§.....#>###
.....
#.......###...<
...... .........#
#.### #.#...#
###...§..<# #.###
#..... #......>#
#.##. #.......#
#.##.


You could see a white imp.

Vanquished Creatures
  A water moccasin (D:5)
  A necrophage (D:5)
  2 black bears (D:5)
  A scorpion (D:6)
  A water moccasin skeleton (D:6)
  2 hounds
  A jelly (D:5)
  A centaur skeleton (D:4)
  2 iguanas (D:5)
  A hound zombie (D:5)
  A hound skeleton (D:5)
  7 adders
  An adder skeleton (D:5)
  5 worms
  A dart slug (D:3)
  An orc (D:4)
  5 bats
  3 endoplasms
  6 giant cockroaches
  8 goblins
  7 hobgoblins
  5 jackals
  A quokka (D:3)
  6 ball pythons
  A frilled lizard (D:1)
  5 kobolds
  6 rats
82 creatures vanquished.

Notes
Turn   | Place    | Note
-------+----------+-------------------------------------------
     0 | D:1      | fragbeetle the Draconian Transmuter began the quest for the
                  | Orb.
     0 | D:1      | Reached XP level 1. HP: 16/16 MP: 3/3
   249 | D:1      | Reached XP level 2. HP: 23/23 MP: 3/5
   996 | D:2      | Reached XP level 3. HP: 20/28 MP: 4/6
  1000 | D:2      | Learned a level 3 spell: Spider Form
  1432 | D:2      | Found a bloodstained altar of Trog.
  1651 | D:3      | Reached XP level 4. HP: 29/36 MP: 7/7
  1995 | D:3      | Found a faded altar of an unknown god.
  2007 | D:3      | Reached skill level 4 in Unarmed Combat
  2251 | D:3      | Noticed a water elemental
  2252 | D:3      | Found a stormy altar of Qazlal.
  2258 | D:3      | Noticed an earth elemental
  2259 | D:3      | Noticed a fire elemental
  2259 | D:3      | Noticed an air elemental
  2434 | D:4      | Found a staircase to the Ecumenical Temple.
  2439 | Temple   | Entered the Ecumenical Temple
  2609 | Temple   | Became a worshipper of Gozag Ym Sagoz the Greedy
  2700 | D:4      | Reached skill level 1 in Poison Magic
  2700 | D:4      | Reached XP level 5. HP: 41/41 MP: 6/8
  2767 | D:4      | Learned a level 4 spell: Ice Form
  2876 | D:4      | Got the Almanac of Mutagenic Ice
  3276 | D:5      | Entered Level 5 of the Dungeon
  3418 | D:5      | Reached XP level 6. HP: 50/50 MP: 5/9
  3480 | D:5      | Reached skill level 1 in Ice Magic
  3485 | D:5      | Noticed a water moccasin
  3790 | D:5      | Reached skill level 5 in Unarmed Combat
  3790 | D:5      | Your scales start taking on a glossy black colour.
  3790 | D:5      | Reached XP level 7. HP: 52/57 MP: 6/10
  3790 | D:5      | Gained mutation: You are resistant to electric shocks.
                  | (rElec) [Black Draconian growth]
  4148 | D:6      | HP: 2/57 [white imp/puff of frost (9)]
  4154 | D:6      | Slain by a white imp

Illustrated notes

Levels and vault maps discovered:
D:1:      saegor_arrival_simple_b, layout_rooms
D:2:      layout_basic, basic_altar
D:3:      layout_basic, nicolae_qazlal_style_of_elements,
          shapermc_ecumenical_altar_ellora
D:4:      layout_basic, temple_fountains
D:5:      layout_loops_ring
D:6:      layout_loops_cross, ebering_ghost_sewer_d, moated_statue,
          minmay_divided_ellipse, uniq_blork_the_orc, uniq_grinder,
          uniq_crazy_yiuf_cottage
Temple:   regret_index_temple_mists

Skill      XL: |  1  2  3  4  5  6  7 |
---------------+----------------------+-----
Dodging        | 2 3 |  3.3
Fighting       | 2 3 |  3.4
Transmutations | 3 4 |  4.7
Unarmed Combat | 4 5 |  5.4
Poison Magic   | 1 2 |  2.5
Ice Magic      | 1 2 |  2.1
Spellcasting   | |  2.0

Action                   |  1- 3 |  4- 6 |  7- 9 || total
-------------------------+-------+-------+-------++-------
Melee: Unarmed           |   114 |   129 |    28 ||   271
       Kick              |    32 |    23 |    11 ||    66
       Headbutt          |    14 |    12 |     2 ||    28
       Tailslap          |     8 |     9 |     4 ||    21
       Punch             |     1 |     2 |     1 ||     4
 Cast: Beastly Appendage |    33 |    23 |     3 ||    59
       Spider Form       |       |     5 |     1 ||     6
  Use: Potion            |       |       |     1 ||     1
 Stab: Sleeping          |     1 |     1 |       ||     2
Armor: Skin              |    31 |    36 |    16 ||    83
Dodge: Dodged            |    63 |    96 |    21 ||   180

Table legend: (Time is in decaauts)
 A = Elapsed time spent in this place.
 B = Non-inter-level travel time spent in this place.
 C = Inter-level travel time spent in this place.
 D = Time resting spent in this place.
 E = Time spent auto-exploring this place.
 F = Levels seen in this place.
 G = Mean time per level.
                   A        B        C        D        E       F      G
               +--------+--------+--------+--------+--------+-----+--------+
         Total |   4201 |   4103 |     98 |     78 |   2853 |   7 |  600.1 |
       Dungeon |   3949 |   3851 |     98 |     78 |   2696 |   6 |  658.2 |
        Temple |    251 |    251 |      0 |      0 |    157 |   1 |  251.0 |
               +--------+--------+--------+--------+--------+-----+--------+

Top non-repeatable levels by time:
     D:2: 905 daAuts
     D:5: 806 daAuts
     D:3: 804 daAuts
     D:1: 716 daAuts
     D:4: 653 daAuts
  Temple: 251 daAuts
     D:6: 64 daAuts
